 Dungeon Sprint DCSS version 0.21-a0-426-g98080a9 (webtiles) character file.

128 Kidiri the Insei (level 4, -2/38 HPs)
             Began as a Demonspawn Transmuter on Nov 6, 2017.
             Was a Follower of Sif Muna.
             Killed by divine providence
             ... invoked by an orc priest
              (12 damage)
             ... in the Dungeon (Sprint VII: "The Pits") on Nov 7, 2017.
             The game lasted 00:03:59 (699 turns).

Kidiri the Insei (Demonspawn Transmuter)             Turns: 699, Time: 00:03:59

Health: -2/38      AC:  4    Str: 10    XL:     4   Next: 86%
Magic:  1/9        EV: 13    Int: 14    God:    Sif Muna [*.....]
Gold:   0          SH:  0    Dex: 15    Spells: 6/9 levels left

rFire    . . .     SeeInvis .     - Unarmed
rCold    . . .     Gourm    .   (no shield)
rNeg     . . .     Faith    .   b - +0 robe
rPois    .         Spirit   .   (helmet restricted)
rElec    .         Reflect  .   (no cloak)
rCorr    .         Harm     .   (no gloves)
MR       .....     NoTele   +   (boots currently unavailable)
Stlth    ++........             (no amulet)
HPRegen  0.12/turn              (no ring)
MPRegen  0.11/turn              (no ring)

@: appendage
A: antennae 1, talons 3, iridescent scales 1
a: End Transformation, Divine Energy, Renounce Religion


You were in the Dungeon.
You worshipped Sif Muna.
Sif Muna was aware of your devotion.
You were not hungry.
You had grown temporary talons.
You visited 1 branch

Inventory:

Missiles
 a - 10 arrows
Armour
 b - a +0 robe (worn)
Scrolls
 j - a scroll of blinking
 k - 3 scrolls of remove curse
 l - 5 scrolls of amnesia
 m - a scroll of summoning
Potions
 e - 2 potions of invisibility
 g - a potion of haste
 h - 4 potions of magic
 i - 2 potions of berserk rage
 p - 5 potions of heal wounds
 q - 4 potions of curing
Books
 c - a book of Changes

   Spells                             Type                      Level
   a - Beastly Appendage              Transmutation                1
   b - Sticks to Snakes               Transmutation                2
   c - Spider Form                    Transmutation/Poison         3
   d - Ice Form                       Ice/Transmutation            4
   e - Blade Hands                    Transmutation                5
Comestibles
 d - 8 bread rations
 f - 2 chunks of flesh
 n - 40 fruits
 o - 7 meat rations


   Skills:
 * Level 4.5 Fighting
 + Level 3.3 Dodging
 + Level 3.0 Stealth
 * Level 5.0 Unarmed Combat
 + Level 3.4 Spellcasting
 * Level 4.4 Transmutations


You had 6 spell levels left.
You knew the following spells:

 Your Spells              Type           Power        Failure   Level  Hunger
a - Beastly Appendage     Tmut           ##....       3%          1    #......
b - Sticks to Snakes      Tmut           ##......     4%          2    ##.....


Dungeon Overview and Level Annotations

Branches:
Dungeon (1/1)

Altars:
Ashenzari
Cheibriados
Dithmenos
Elyvilon
Fedhas
Gozag
Hepliaklqana
Kikubaaqudgha
Makhleb
Nemelex Xobeh
Okawaru
Qazlal
Ru
Sif Muna
Trog
Uskayaw
Vehumet
Wu Jian
Xom
Yredelemnul
Zin
The Shining One
Beogh
Jiyva
Lugonu

Annotations:
D exclusions: 6 doors and 6 more exclusions, Prince Ribbit


Innate Abilities, Weirdness & Mutations

You have a pair of small antennae on your head.
You are partially covered in iridescent scales. (AC +2)
You have claws for feet.


Message History

Casting: Sticks to Snakes
Confirm with . or Enter, or press ? or * to list all spells.
You create a snake!
You now have 10 arrows.
The orc wizard hits you but does no damage.
The orc priest hits you from afar with a trident!
The orc wizard closely misses you.
Unknown command.
Casting: Sticks to Snakes
Confirm with . or Enter, or press ? or * to list all spells.
Your feet morph into talons.
The orc wizard casts a spell at you. The puff of frost hits you!
* * * LOW HITPOINT WARNING * * *
The orc wizard casts a spell.
The orc wizard blinks!
The orc priest closely misses you.
Your adder bites the orc wizard.
The orc wizard is poisoned.
Your adder poisons the orc wizard!
The orc priest calls down the wrath of Beogh upon you.
Beogh smites you!
You die...

#.?(.+)))+.##.....
##########.##.....
#...........'.....
#'#####+#####.....
#.#..#.....##.....
#.#))#####+#####+#
#S#))#.....##.....
#o#))#.....##.....
#@#[[###+####.....
#o##+#..÷..##...<.
#o#........##.....
#§#........##.....
#{###########.....
#oo.....# ######
#hooo...#
#§.h#...# #..##
..#


You could see a wolf, 2 orc priests, 3 orc wizards, an orc and a friendly adder.

Vanquished Creatures
  A floating eye (D)
  3 ufetubi (D)
  A ball python (D)
  A bat (D)
  A bat skeleton (D)
  A giant cockroach (D)
  A quokka (D)
  A rat (D)
10 creatures vanquished.

Notes
Turn   | Place    | Note
-------+----------+-------------------------------------------
     0 | D        | Kidiri the Demonspawn Transmuter began the quest for the Orb.
     0 | D        | Reached XP level 1. HP: 15/15 MP: 3/3
    32 | D        | Reached skill level 3 in Unarmed Combat
   255 | D        | Found a bloodstained altar of Trog.
   255 | D        | Found a deep blue altar of Sif Muna.
   255 | D        | Found a viscous altar of Jiyva.
   255 | D        | Found a hazy altar of Hepliaklqana.
   255 | D        | Found an opulent altar of Gozag.
   256 | D        | Found a glowing golden altar of the Shining One.
   256 | D        | Found a glowing silver altar of Zin.
   256 | D        | Found a basalt altar of Yredelemnul.
   256 | D        | Found a shimmering altar of Xom.
   256 | D        | Found an ornate altar of the Wu Jian Council.
   256 | D        | Found a sacrificial altar of Ru.
   256 | D        | Found a stormy altar of Qazlal.
   256 | D        | Found an iron altar of Okawaru.
   256 | D        | Found a sparkling altar of Nemelex Xobeh.
   256 | D        | Found a burning altar of Makhleb.
   256 | D        | Found a blossoming altar of Fedhas.
   256 | D        | Found a white marble altar of Elyvilon.
   256 | D        | Found a shadowy altar of Dithmenos.
   256 | D        | Found a snail-covered altar of Cheibriados.
   259 | D        | Found a corrupted altar of Lugonu.
   259 | D        | Found a radiant altar of Vehumet.
   259 | D        | Found a roughly hewn altar of Beogh.
   260 | D        | Found an ancient bone altar of Kikubaaqudgha.
   260 | D        | Found a hide-covered altar of Uskayaw.
   260 | D        | Found a shattered altar of Ashenzari.
   261 | D        | Became a worshipper of Sif Muna the Loreminder
   282 | D        | Reached skill level 1 in Stealth
   282 | D        | Gained mutation: You have a pair of small antennae on your head. [demonic ancestry]
   282 | D        | Reached XP level 2. HP: 14/22 MP: 3/5
   329 | D        | Learned a level 2 spell: Sticks to Snakes
   606 | D        | Reached * piety under Sif Muna
   678 | D        | Noticed a floating eye
   679 | D        | Noticed Prince Ribbit
   681 | D        | Noticed a wolf
   683 | D        | Paralysed by a floating eye for 2 turns
   687 | D        | Paralysed by a floating eye for 3 turns
   697 | D        | Killed a floating eye
   697 | D        | Reached skill level 5 in Unarmed Combat
   697 | D        | Gained mutation: You are partially covered in iridescent scales. (AC +2) [demonic ancestry]
   697 | D        | Reached XP level 3. HP: 21/31 MP: 3/7
   697 | D        | Reached XP level 4. HP: 26/38 MP: 3/9
   699 | D        | Killed from afar by an orc priest

Vault maps used:
D:        pitsprint

Skill      XL: |  1  2 |
---------------+-------+-----
Dodging        | 2 3 |  3.3
Unarmed Combat | 3 5 |  5.0
Transmutations | 2 4 |  4.4
Fighting       | 2 4 |  4.5
Stealth        | 1 3 |  3.0
Spellcasting   | 3 |  3.4

Action                   |  1- 3 |  4- 6 || total
-------------------------+-------+-------++-------
Melee: Unarmed           |    32 |       ||    32
       Kick              |     6 |       ||     6
 Cast: Beastly Appendage |     5 |     1 ||     6
       Sticks to Snakes  |     1 |     1 ||     2
  Use: Potion            |     4 |       ||     4
 Stab: Sleeping          |     2 |       ||     2
Armor: Robe              |     7 |     1 ||     8
Dodge: Dodged            |    35 |     2 ||    37

Table legend:
 A = Spawn XP
 B = Non-spawn XP
 C = Spawn XP percentage of total XP
 D = Spawn monster count
 E = Non-spawn monster count
 F = Spawn count percentage of total count
 G = Total turns spent on level
                    A         B        C        D         E        F      G
               +---------+---------+-------+---------+---------+-------+---------
         Total |       0 |     183 |   0.0 |       0 |      10 |   0.0 |   699
               +---------+---------+-------+---------+---------+-------+---------
             D |       0 |     183 |   0.0 |       0 |      10 |   0.0 |   699
               +---------+---------+-------+---------+---------+-------+---------
